 Dungeon Crawl Stone Soup version 0.21.1-1-g345015f (webtiles) character file.

709 tidbits the Insei (level 7, 0/63 HPs)
             Began as a Gnoll Transmuter on Mar 23, 2018.
             Was a Priest of Cheibriados.
             Slain by a two-headed ogre
             ... wielding a +0 giant spiked club
              (24 damage)
             ... on level 5 of the Dungeon.
             The game lasted 00:14:09 (1516 turns).

tidbits the Insei (Gnoll Transmuter)                Turns: 1516, Time: 00:14:10

Health: 0/63       AC:  7    Str: 18    XL:     7   Next: 68%
Magic:  4/15       EV: 14    Int: 24    God:    Cheibriados [***...]
Gold:   197        SH:  0    Dex: 21    Spells: 2/17 levels left

rFire    x . .     SeeInvis .     - Unarmed
rCold    + + +     Gourm    .   (shield currently unavailable)
rNeg     . . .     Faith    .   (armour currently unavailable)
rPois    +         Spirit   .   (helmet currently unavailable)
rElec    .         Reflect  .   (cloak currently unavailable)
rCorr    .         Harm     .   (gloves currently unavailable)
MR       .....                  (boots currently unavailable)
Stlth    +++.......             (no amulet)
HPRegen  0.20/turn              (no ring)
MPRegen  0.14/turn              (no ring)

@: ice-form, very slightly contaminated, very slow
A: large, distributed training, strong nose
a: End Transformation, Bend Time, Temporal Distortion, Renounce Religion


You were on level 5 of the Dungeon.
You worshipped Cheibriados.
Cheibriados was most pleased with you.
You were not hungry.
You were a creature of crystalline ice.
You visited 1 branch of the dungeon, and saw 5 of its levels.
You also visited: Sewer.

You collected 197 gold pieces.

Inventory:

Hand Weapons
 h - a +1 hunting sling
 k - a +0 dagger
 p - a +0 blowgun
 u - a +1 antimagic short sword
   (You found it on level 4 of the Dungeon)
 v - a +2 hand axe of venom
   (You took it off an orc on level 4 of the Dungeon)
Missiles
 a - 49 arrows
 i - 28 stones (quivered)
 j - 42 bolts
 q - 8 poisoned needles
 w - 10 tomahawks
Armour
 b - a +0 robe
 y - a +0 ring mail
 B - a +2 robe of the Archmagi (melded)
   (You found it on level 3 of the Dungeon)
Jewellery
 e - an uncursed ring of ice
   (You found it on level 1 of the Dungeon)
Scrolls
 g - a scroll of amnesia {unknown}
 l - a scroll of teleportation
 t - a scroll of remove curse
 x - a scroll of blinking
Potions
 f - a potion of resistance {unknown}
 m - a potion of mutation {unknown}
 n - a potion of heal wounds {unknown}
 o - a potion of haste {unknown}
 r - a potion of magic {unknown}
 s - a potion of curing
Books
 c - a book of Changes

   Spells                             Type                      Level
   a - Beastly Appendage              Transmutation                1
   b - Sticks to Snakes               Transmutation                2
   c - Spider Form                    Transmutation/Poison         3
   d - Ice Form                       Ice/Transmutation            4
   e - Blade Hands                    Transmutation                5
Comestibles
 d - 6 rations


   Skills:
 + Level 3.7 Fighting
 + Level 2.6 Short Blades
 + Level 2.6 Long Blades
 + Level 2.6 Axes
 + Level 2.6 Maces & Flails
 + Level 2.6 Polearms
 + Level 2.6 Staves
 + Level 2.6 Slings
 + Level 2.6 Bows
 + Level 2.6 Crossbows
 + Level 2.6 Throwing
 + Level 2.6 Armour
 + Level 5.3 Dodging
 + Level 2.6 Stealth
 + Level 2.6 Shields
 + Level 7.1 Unarmed Combat
 + Level 5.6 Spellcasting
 + Level 2.1 Conjurations
 + Level 2.1 Hexes
 + Level 2.1 Charms
 + Level 2.1 Summonings
 + Level 2.1 Necromancy
 + Level 2.1 Translocations
 + Level 4.3 Transmutations
 + Level 2.1 Fire Magic
 + Level 2.1 Ice Magic
 + Level 2.1 Air Magic
 + Level 2.1 Earth Magic
 + Level 2.1 Poison Magic
 + Level 2.9 Invocations
 + Level 2.6 Evocations


You had 2 spell levels left.
You knew the following spells:

 Your Spells              Type           Power        Failure   Level  Hunger
e - Beastly Appendage     Tmut           ####..       1%          1    None
h - Blade Hands           Tmut           ####......   36%         5    #####..
i - Ice Form              Ice/Tmut       ###.....     22%         4    ###....
k - Sticks to Snakes      Tmut           ####....     1%          2    None
p - Spider Form           Tmut/Pois      ###.......   6%          3    #......


Dungeon Overview and Level Annotations

Branches:
Dungeon (5/15)
 Temple: D:4-7

Altars:
Cheibriados
Dithmenos
Hepliaklqana
Wu Jian
The Shining One


Innate Abilities, Weirdness & Mutations

Your experience applies equally to all skills.
((You have very sharp teeth.))
Your uncanny sense of smell can sniff out nearby items.


Message History

You see here 16 gold pieces.
You now have 197 gold pieces (gained 16).
You swap places.
There is an ornate altar of the Wu Jian Council here.
Your ball python withers and dies!
Your transformation is almost over.
You warm up again.
Your +2 robe of the Archmagi unmelds from your body.
You feel powerful.
There is an open door here.
There is an open door here.
Found 17 arrows.
You see here 17 arrows.
a - 51 arrows (gained 17)
A crimson imp comes into view.
Found a scroll labeled BOTSIU EJUGI.
A hound skeleton comes into view.
Unknown command.
Found a ration.
Casting: Sticks to Snakes
Confirm with . or Enter, or press ? or * to list all spells.
You don't know that spell.
Casting: Sticks to Snakes
Confirm with . or Enter, or press ? or * to list all spells.
You feel a surge of power!
You miscast Ice Form.
You are very lightly contaminated with residual magic.
Your limbs ache and wobble like jelly!
The hound skeleton bites you but does no damage.
The hound skeleton closely misses you.
Casting: Ice Form
Confirm with . or Enter, or press ? or * to list all spells.
You feel a surge of power!
You turn into a creature of crystalline ice.
Your +2 robe of the Archmagi melds into your body.
You feel strangely numb. The hound skeleton barely misses you.
Unknown command.
You hit the hound skeleton.
The hound skeleton is lightly damaged.
The hound skeleton completely misses you.
You punch the hound skeleton!
The hound skeleton is heavily damaged.
The hound skeleton misses you.
You hit the hound skeleton but do no damage.
The hound skeleton is heavily damaged.
The hound skeleton bites you but does no damage.
The crimson imp hits you but does no damage.
You punch the hound skeleton! You freeze the hound skeleton.
The hound skeleton is almost destroyed.
The hound skeleton barely misses you. The crimson imp barely misses you.
The hound skeleton closely misses you.
Unknown command.
You punch the hound skeleton!
You destroy the hound skeleton!
Cheibriados appreciates the change of pace.
The crimson imp closely misses you.
You punch the crimson imp! You freeze the crimson imp.
You kill the crimson imp!
Cheibriados thoroughly appreciates the change of pace.
Casting: Ice Form
Confirm with . or Enter, or press ? or * to list all spells.
You create 2 snakes!
You now have 49 arrows.
You hit the two-headed ogre but do no damage.
The two-headed ogre closely misses you.
The two-headed ogre hits you with a giant club.
You barely miss the two-headed ogre.
Your ball python bites the two-headed ogre but does no damage.
You hit the two-headed ogre. You freeze the two-headed ogre.
The two-headed ogre is lightly wounded.
Your water moccasin bites the two-headed ogre.
The two-headed ogre hits you with a giant spiked club!!
The two-headed ogre hits you with a giant club!
* * * LOW HITPOINT WARNING * * *
Your ball python bites the two-headed ogre.
You hit the two-headed ogre. You freeze the two-headed ogre.
The two-headed ogre is moderately wounded.
Your water moccasin bites the two-headed ogre but does no damage.
Your ball python bites the two-headed ogre but does no damage.
The two-headed ogre closely misses you. The two-headed ogre barely misses you.
The flow of time bends around you.
Cheibriados rebukes your water moccasin.
Your water moccasin seems to slow down.
Cheibriados rebukes your ball python.
Your ball python seems to slow down.
Cheibriados rebukes the two-headed ogre.
The two-headed ogre seems to slow down.
You feel slightly more hungry.
Your water moccasin bites the two-headed ogre.
Your ball python barely misses the two-headed ogre.
Your attacks no longer feel as feeble.
Your water moccasin barely misses the two-headed ogre.
Your ball python bites the two-headed ogre.
Your water moccasin bites the two-headed ogre.
You punch the two-headed ogre! You freeze the two-headed ogre.
The two-headed ogre is heavily wounded.
Your ball python bites the two-headed ogre but does no damage.
Your water moccasin bites the two-headed ogre.
You hit the two-headed ogre but do no damage.
The two-headed ogre is severely wounded.
The two-headed ogre hits you with a giant spiked club!!
You die...

########.. #####........
%...........∆ ...........
..........# .........?#
........S.# ......SO..#
###..........Y..# ########
#...............###......#
##.........###............#####
.......######.................
.###...
.......#.................
...... ......#######.#####.....
%##.#.####.....# #.#####.....
.......5.......# #.#.........
.......###.....# #.#.###.....


You could see a two-headed ogre, a friendly water moccasin and a friendly ball
python.

Vanquished Creatures
  Grinder (D:4)
  A water moccasin skeleton (D:2)
  A howler monkey (D:5)
  2 crimson imps (D:5)
  2 hounds
  2 iguanas (D:3)
  2 worker ants
  2 hound skeletons (D:5)
  10 adders
  A river rat (D:3)
  A shadow imp (D:5)
  An adder skeleton (D:4)
  3 worms (D:3)
  A leopard gecko (D:3)
  6 orcs
  5 giant cockroaches
  8 goblins
  3 hobgoblins (D:3)
  5 jackals (Sewer)
  10 kobolds
  2 quokkas
  2 ball pythons
  4 bats
  6 frilled lizards
  2 quokka skeletons (D:4)
  11 rats
94 creatures vanquished.

Vanquished Creatures (collateral kills)
  3 worms
  A goblin (D:2)
  A rat (D:3)
5 creatures vanquished.

Grand Total: 99 creatures vanquished

Notes
Turn   | Place    | Note
-------+----------+-------------------------------------------
     0 | D:1      | tidbits the Gnoll Transmuter began the quest for the Orb.
     0 | D:1      | Reached XP level 1. HP: 17/17 MP: 6/6
    74 | D:1      | Reached XP level 2. HP: 22/23 MP: 5/7
    78 | D:1      | Learned a level 2 spell: Sticks to Snakes
   108 | D:2      | Reached skill level 1 in Short Blades
   108 | D:2      | Reached skill level 1 in Long Blades
   108 | D:2      | Reached skill level 1 in Axes
   108 | D:2      | Reached skill level 1 in Maces & Flails
   108 | D:2      | Reached skill level 1 in Polearms
   108 | D:2      | Reached skill level 1 in Staves
   108 | D:2      | Reached skill level 1 in Slings
   108 | D:2      | Reached skill level 1 in Bows
   108 | D:2      | Reached skill level 1 in Crossbows
   108 | D:2      | Reached skill level 1 in Throwing
   108 | D:2      | Reached skill level 1 in Armour
   108 | D:2      | Reached skill level 1 in Stealth
   108 | D:2      | Reached skill level 1 in Shields
   108 | D:2      | Reached skill level 5 in Spellcasting
   108 | D:2      | Reached skill level 1 in Invocations
   108 | D:2      | Reached skill level 1 in Evocations
   108 | D:2      | Reached XP level 3. HP: 11/28 MP: 7/9
   108 | D:2      | Reached XP level 4. HP: 14/34 MP: 8/11
   113 | D:2      | Learned a level 3 spell: Spider Form
   123 | D:2      | Found a snail-covered altar of Cheibriados.
   154 | D:2      | Became a worshipper of Cheibriados the Contemplative
   316 | D:3      | Reached skill level 1 in Conjurations
   316 | D:3      | Reached skill level 1 in Hexes
   316 | D:3      | Reached skill level 1 in Charms
   316 | D:3      | Reached skill level 1 in Summonings
   316 | D:3      | Reached skill level 1 in Necromancy
   316 | D:3      | Reached skill level 1 in Translocations
   316 | D:3      | Reached skill level 1 in Fire Magic
   316 | D:3      | Reached skill level 1 in Ice Magic
   316 | D:3      | Reached skill level 1 in Air Magic
   316 | D:3      | Reached skill level 1 in Earth Magic
   316 | D:3      | Reached skill level 1 in Poison Magic
   345 | D:3      | Reached XP level 5. HP: 32/40 MP: 4/12
   383 | D:3      | Reached skill level 3 in Fighting
   383 | D:3      | Reached skill level 4 in Transmutations
   401 | D:3      | Reached * piety under Cheibriados
   612 | D:2      | Reached XP level 6. HP: 40/47 MP: 8/13
   766 | D:3      | Reached skill level 2 in Invocations
   773 | D:3      | Found a glowing drain.
   777 | Sewer    | Entered a sewer
   783 | Sewer    | Learned a level 4 spell: Ice Form
   857 | Sewer    | Reached ** piety under Cheibriados
  1105 | D:4      | Reached skill level 5 in Dodging
  1123 | D:5      | Entered Level 5 of the Dungeon
  1147 | D:4      | Noticed Grinder
  1152 | D:4      | Paralysed by Grinder for 7 turns
  1161 | D:4      | Killed Grinder
  1161 | D:4      | Reached skill level 2 in Short Blades
  1161 | D:4      | Reached skill level 2 in Long Blades
  1161 | D:4      | Reached skill level 2 in Axes
  1161 | D:4      | Reached skill level 2 in Maces & Flails
  1161 | D:4      | Reached skill level 2 in Polearms
  1161 | D:4      | Reached skill level 2 in Staves
  1161 | D:4      | Reached skill level 2 in Slings
  1161 | D:4      | Reached skill level 2 in Bows
  1161 | D:4      | Reached skill level 2 in Crossbows
  1161 | D:4      | Reached skill level 2 in Throwing
  1161 | D:4      | Reached skill level 2 in Armour
  1161 | D:4      | Reached skill level 2 in Stealth
  1161 | D:4      | Reached skill level 2 in Shields
  1161 | D:4      | Reached skill level 2 in Evocations
  1161 | D:4      | Reached XP level 7. HP: 51/52 MP: 7/15
  1196 | D:4      | Reached skill level 7 in Unarmed Combat
  1225 | D:4      | Found a shadowy altar of Dithmenos.
  1330 | D:5      | Found a glowing golden altar of the Shining One.
  1357 | D:5      | Reached *** piety under Cheibriados
  1357 | D:5      | Reached skill level 2 in Conjurations
  1357 | D:5      | Reached skill level 2 in Hexes
  1357 | D:5      | Reached skill level 2 in Charms
  1357 | D:5      | Reached skill level 2 in Summonings
  1357 | D:5      | Reached skill level 2 in Necromancy
  1357 | D:5      | Reached skill level 2 in Translocations
  1357 | D:5      | Reached skill level 2 in Fire Magic
  1357 | D:5      | Reached skill level 2 in Ice Magic
  1357 | D:5      | Reached skill level 2 in Air Magic
  1357 | D:5      | Reached skill level 2 in Earth Magic
  1357 | D:5      | Reached skill level 2 in Poison Magic
  1371 | D:5      | Learned a level 5 spell: Blade Hands
  1381 | D:5      | Noticed a two-headed ogre
  1421 | D:5      | Found a hazy altar of Hepliaklqana.
  1422 | D:5      | Found an ornate altar of the Wu Jian Council.
  1516 | D:5      | Slain by a two-headed ogre

Skill      XL: |  1  2  3  4  5  6  7 |
---------------+----------------------+-----
Short Blades   | 1 2 |  2.6
Long Blades    | 1 2 |  2.6
Axes           | 1 2 |  2.6
Maces & Flails | 1 2 |  2.6
Polearms       | 1 2 |  2.6
Staves         | 1 2 |  2.6
Slings         | 1 2 |  2.6
Bows           | 1 2 |  2.6
Crossbows      | 1 2 |  2.6
Throwing       | 1 2 |  2.6
Armour         | 1 2 |  2.6
Stealth        | 1 2 |  2.6
Shields        | 1 2 |  2.6
Spellcasting   | 5 |  5.6
Invocations    | 1 2 |  2.9
Evocations     | 1 2 |  2.6
Conjurations   | 1 2 |  2.1
Hexes          | 1 2 |  2.1
Charms         | 1 2 |  2.1
Summonings     | 1 2 |  2.1
Necromancy     | 1 2 |  2.1
Translocations | 1 2 |  2.1
Fire Magic     | 1 2 |  2.1
Ice Magic      | 1 2 |  2.1
Air Magic      | 1 2 |  2.1
Earth Magic    | 1 2 |  2.1
Poison Magic   | 1 2 |  2.1
Fighting       | 3 |  3.7
Transmutations | 4 |  4.3
Dodging        | 5 |  5.3
Unarmed Combat | 7 |  7.1

Action                   |  1- 3 |  4- 6 |  7- 9 || total
-------------------------+-------+-------+-------++-------
Melee: Unarmed           |    27 |   141 |    46 ||   214
       Kick              |     9 |     1 |       ||    10
       Headbutt          |     1 |       |       ||     1
       Bite              |     1 |     1 |       ||     2
 Cast: Beastly Appendage |     5 |     5 |       ||    10
       Spider Form       |       |    13 |     1 ||    14
       Sticks to Snakes  |       |    12 |     3 ||    15
       Ice Form          |       |     6 |     4 ||    10
Invok: Bend Time         |       |       |     1 ||     1
 Abil: End Transformatio |       |       |     1 ||     1
  Use: Scroll            |       |     4 |     1 ||     5
       Potion            |       |     1 |       ||     1
 Stab: Sleeping          |     1 |     3 |       ||     4
  Eat: Chunk             |       |     1 |     1 ||     2
       Ration            |       |       |     1 ||     1
Armor: Robe              |     1 |     5 |     1 ||     7
       Skin              |       |     7 |     4 ||    11
Dodge: Dodged            |    18 |   126 |    29 ||   173

Table legend:
 A = Turns spent in this place as a percentage of turns spent in the entire game.
 B = Non-inter-level travel turns spent in this place as a percentage of non-inter-level travel turns spent in the entire game.
 C = Inter-level travel turns spent in this place as a percentage of turns spent in this place.
 D = Turns resting spent in this place as a percentage of non-inter-level travel turns spent in this place.
 E = Turns spent auto-exploring this place as a percentage of non-inter-level travel turns spent in this place.
 F = Non-inter-level travel turns spent in this place divided by the number of levels of this place that you've seen.
                   A       B       C       D       E      F
               +-------+-------+-------+-------+-------+----------------------
         Total | 100.0 | 100.0 |   0.0 |   0.0 |   0.0 | 252.7
       Dungeon |  86.3 |  86.3 |   0.0 |   0.0 |   0.0 | 261.8
         Sewer |  13.7 |  13.7 |   0.0 |   0.0 |   0.0 | 207.0
               +-------+-------+-------+-------+-------+----------------------

Table legend:
 A = Kills in this place as a percentage of kills in entire the game.
 B = Kills by you in this place as a percentage of kills by you in the entire game.
 C = Kills by friends in this place as a percentage of kills by friends in the entire game.
 D = Other kills in this place as a percentage of other kills in the entire game.
 E = Experience gained in this place as a percentage of experience gained in the entire game.
 F = Experience gained in this place divided by the number of levels of this place that you have seen.
                   A       B       C       D       E      F
               +-------+-------+-------+-------+-------+----------------------
         Total | 100.0 | 100.0 | 100.0 |   N/A | 100.0 | 168.8
       Dungeon |  79.8 |  78.7 | 100.0 |   N/A |  92.4 | 187.2
         Sewer |  20.2 |  21.3 |   0.0 |   N/A |   7.6 |  77.0
               +-------+-------+-------+-------+-------+----------------------

Vault maps used:
D:1:      shiori_arrival_oz
D:2:      nicolae_overflow_crystal_walls, kiku_gazebo_pond_becter
D:3:      serial_corexii_hall, corexii_hall_statues_s,
          corexii_hall_statues_deadend, portal_sewer_entry_e
D:4:      grunt_dithmenos_smoke_and_mirrors, kennysheep_generic_room_8,
          uniq_edmund, uniq_grinder
D:5:      lemuel_crystal_altar, kennysheep_mini,
          chequers_temple_overflow_statue_of_worship, first_ration
Sewer:    sewer_co_scattered_pipes
